 Dungeon Crawl Stone Soup version 0.18-a0-750-g37044d6 (webtiles) character file.

26182 Medar the Carver (level 12, -1/96 HPs)
             Began as a Yellow Draconian Warper on Dec 10, 2015.
             Was an Elder of Pakellas.
             Slain by a giant leech (13 damage)
             ... on level 6 of the Lair of Beasts on Dec 11, 2015.
             The game lasted 01:10:21 (25192 turns).

Medar the Carver (Yellow Draconian Warper)         Turns: 25192, Time: 01:10:21

Health: -1/96      AC: 11    Str: 15    XL:     12   Next: 96%
Magic:  15/17      EV: 18    Int: 16    God:    Pakellas [****..]
Gold:   949        SH:  5    Dex: 16    Spells: 5 memorised, 6 levels left

rFire  . . .     SeeInvis .     a - +1 scimitar (flame)
rCold  . . .     Clarity  .     (armour unavailable)
rNeg   . . .     SustAt   .     x - +0 buckler of Demons {*Confuse Int+4 Stlth+}
rPois  +         Gourm    .     (helmet restricted)
rElec  .         Spirit   .     n - +0 cloak
rCorr  +         Dismiss  .     M - +1 pair of gloves
rMut   .         Stasis   .     (no boots)
MR     +....                    C - amulet of faith
Stlth  ++........               N - ring of poison resistance
                                f - ring of protection from magic

@: repel missiles, somewhat resistant to hostile enchantments, unstealthy
A: spit acid, acid resistance, unfitting armour, hooves 1, agile 1, blurry
vision 1, dopey 1, frail 1, low mp 1, slow regeneration 1, cold-blooded, subdued
magic 1, AC +8
a: Spit Acid, Quick Charge, Device Surge, Renounce Religion


You were on level 6 of the Lair of Beasts.
You worshipped Pakellas.
Pakellas was greatly pleased with you.
You were hungry.

You visited 2 branches of the dungeon, and saw 14 of its levels.

You collected 1069 gold pieces.
You spent 120 gold pieces at shops.

Inventory:

Hand Weapons
 a - a +1 scimitar of flaming (weapon)
 c - a +0 blowgun
Missiles
 i - 7 tomahawks
 K - 2 javelins (quivered)
 T - 29 poisoned needles
Armour
 n - a +0 cloak (worn)
 x - the +0 buckler of Demons (worn) {*Confuse Int+4 Stlth+}
   (You found it on level 3 of the Lair of Beasts)

   It affects your intelligence (+4).
   It may confuse you when you take damage.
   It makes you more stealthy.
 M - a +1 pair of gloves (worn)
Rods
 b - a +4 rod of ignition (3/11) {!a}
   (Pakellas gifted it to you on level 6 of the Dungeon)
Jewellery
 f - a ring of protection from magic (left hand)
 v - an uncursed ring of ice
 C - an amulet of faith (around neck)
 N - a ring of poison resistance (right hand)
Wands
 d - a wand of paralysis (4)
 B - a wand of digging (13)
 D - a wand of digging (6)
 E - a wand of cold (2)
 I - a wand of frost (5)
Scrolls
 g - a scroll of enchant armour
 l - 3 scrolls of enchant weapon
 m - a scroll of fog {unknown}
 o - a scroll of acquirement {unknown}
 s - 6 scrolls of remove curse {@r1}
 t - a scroll of noise {unknown}
 w - a scroll of recharging {unknown}
 F - a scroll of immolation {unknown}
 L - 4 scrolls of blinking
 O - 2 scrolls of magic mapping {@r3}
 S - 4 scrolls of teleportation
Potions
 q - a potion of flight
 r - a potion of berserk rage {unknown}
 u - 3 potions of invisibility
 z - a potion of resistance
 G - 4 potions of brilliance
 H - a potion of agility
 J - 2 potions of heal wounds
 P - a potion of degeneration {unknown}
Books
 h - a book of Minor Magic

   Spells                             Type                      Level
   a - Magic Dart                     Conjuration                  1
   b - Blink                          Translocation                2
   c - Call Imp                       Summoning                    2
   d - Repel Missiles                 Charms/Air                   2
   e - Slow                           Hexes                        2
   f - Conjure Flame                  Conjuration/Fire             3
   g - Mephitic Cloud                 Conjuration/Poison/Air       3
 j - a book of Geomancy

   Spells                             Type                      Level
   a - Sandblast                      Earth                        1
   b - Stoneskin                      Transmutation/Earth          2
   c - Passwall                       Transmutation/Earth          3
   d - Stone Arrow                    Conjuration/Earth            3
   e - Petrify                        Transmutation/Earth          4
   f - Lee's Rapid Deconstruction     Earth                        5
 p - a book of Enchantments

   Spells                             Type                      Level
   a - Cause Fear                     Hexes                        4
   b - Yara's Violent Unravelling     Hexes/Transmutation          5
   c - Silence                        Hexes/Air                    5
   d - Deflect Missiles               Charms/Air                   6
   e - Haste                          Charms                       6
   f - Discord                        Hexes                        8
 y - a book of Death

   Spells                             Type                      Level
   a - Corpse Rot                     Necromancy                   2
   b - Sublimation of Blood           Necromancy                   2
   c - Agony                          Necromancy                   5
   d - Dispel Undead                  Necromancy                   5
   e - Excruciating Wounds            Charms/Necromancy            5
   f - Bolt of Draining               Conjuration/Necromancy       5
Comestibles
 e - 9 bread rations {@e1}
 k - 8 meat rations {@e2}
 A - 32 fruits {@e3}
 Q - 5 chunks of flesh


   Skills:
 + Level 10.3 Fighting
 - Level 14.1 Long Blades
 - Level 0.8 Throwing
 + Level 8.7 Dodging
 - Level 5.0 Shields
 - Level 2.0 Spellcasting
 - Level 3.0 Translocations
 + Level 9.4 Evocations


You had 6 spell levels left.
You knew the following spells:

 Your Spells              Type           Power        Failure   Level  Hunger
b - Blink                 Tloc           N/A          4%          2    ###....
m - Repel Missiles        Chrm/Air       #.....       17%         2    ###....
p - Apportation           Tloc           #.........   3%          1    #......
r - Shroud of Golubria    Chrm/Tloc      #.........   9%          2    ###....
P - Cure Poison           Pois           #.........   17%         2    ###....


Dungeon Overview and Level Annotations

Branches:
Dungeon (8/15)             Temple (0/1) D:5            Lair (6/8) D:8
  Swamp (0/4) Lair:6       Spider (0/4) Lair:6
  Slime: Lair:6-8

Altars:
Ashenzari
Elyvilon
Fedhas
Gozag
Makhleb
Nemelex Xobeh
Pakellas
Qazlal
Ru
Sif Muna
Trog
Yredelemnul

Shops:
D:5 }

Annotations:
Lair:1 exclusion: hydra


Innate Abilities, Weirdness & Mutations

You can spit globs of acid.
You are resistant to acid.
Your golden yellow scales are hard (AC +8).
Your body does not fit into most forms of armour.
You are cold-blooded and may be slowed by cold attacks.
You have large cloven feet.
You are agile. (Dex +2)
Scrolls take you a little longer to read.
You are dopey. (Int -2)
You are frail (-10% HP).
Your magical capacity is low (-10% MP).
You regenerate slowly when monsters are visible.
Your spells are a little easier to cast, but a little less powerful.


Message History

Splash!
You fall into the shallow water.
Moving in this stuff is going to be slow.
You have got your breath back.
The swamp worm bites you.
Read which item? (? for menu, Esc to quit)
Really read with blurry vision while enemies are nearby? [Y]es or [N]o only, please.
Really read with blurry vision while enemies are nearby? [Y]es or [N]o only, please.
Really read with blurry vision while enemies are nearby? [Y]es or [N]o only, please.
Really read with blurry vision while enemies are nearby?
The swamp worm bites you.
* * * LOW HITPOINT WARNING * * *
You begin reading the scroll.
You continue reading the scroll.
You block the swamp worm's attack. The swamp worm bites you!
* * * LOW HITPOINT WARNING * * *
The swamp worm completely misses you. The giant leech bites you!
You die...

........†.P............#
.................>....##
......................#
..........P...........##
P.........##...........#
..........#.....♣♣♣♣♣.##
#..#.##.#..#...♣♣§§§♣♣.#
#############P.♣♣w§§♣♣♣#
#..w@§§≈≈♣ ##♣♣♣w§§≈♣
§≈§♣♣ ♣♣♣♣


You could see a giant leech and 2 swamp worms.

Vanquished Creatures
  2 hydras
  A catoblepas (Lair:5)
  A death yak (Lair:3)
  A griffon (Lair:6)
  5 black mambas
  Joseph (D:8)
  2 torpor snails
  Psyche (D:8)
  5 komodo dragons
  6 spiny frogs
  A two-headed ogre (D:7)
  14 blink frogs
  Prince Ribbit (D:6)
  Sigmund (D:6)
  A spriggan (Lair:3)
  27 yaks
  A human (D:7)
  A wyvern (D:7)
  Grum (D:8)
  A basilisk (Lair:5)
  5 hippogriffs
  3 porcupines
  17 wolves
  11 water moccasins
  Duvessa (D:5)
  An orc warrior (D:6)
  3 sky beasts
  2 ice beasts (D:7)
  3 phantoms
  A necrophage (D:6)
  2 centaurs
  4 ogres
  7 crocodiles
  9 giant frogs
  3 gnoll sergeants
  Dowan (D:5)
  6 killer bees
  3 scorpions
  An electric eel (Lair:2)
  2 crimson imps (D:7)
  4 giant frog zombies (D:6)
  An orc priest (D:6)
  3 jellies (D:5)
  A quasit (D:7)
  A centaur skeleton (D:5)
  2 hounds
  Jessica (D:2)
  5 iguanas
  8 orc wizards
  4 worker ants
  23 sheep
  2 hound zombies (D:6)
  2 hound skeletons
  3 worker ant zombies
  13 adders
  15 gnolls
  5 river rats (Lair:4)
  2 oozes
  2 adder zombies
  2 worms
  An adder skeleton (D:6)
  6 giant geckos
  25 orcs
  8 giant cockroaches
  5 goblins
  9 hobgoblins
  4 quokkas
  2 ball pythons
  A ball python skeleton (D:4)
  5 bats
  A giant gecko skeleton (D:7)
  2 giant newts (D:2)
  6 jackals
  A jackal skeleton (D:6)
  A jackal zombie (D:6)
  16 kobolds
  A quokka skeleton (D:4)
  A quokka zombie (D:8)
  13 rats
  A spectral orc (D:8)
367 creatures vanquished.

Vanquished Creatures (others)
  Erica (D:8)
  4 fungi
  10 plants
15 creatures vanquished.

Grand Total: 382 creatures vanquished

Notes
Turn   | Place    | Note
--------------------------------------------------------------
     0 | D:1      | Medar the Draconian Warper began the quest for the Orb.
     0 | D:1      | Reached XP level 1. HP: 17/17 MP: 3/3
   391 | D:1      | Reached XP level 2. HP: 18/24 MP: 5/5
   395 | D:1      | Learned a level 2 spell: Blink
  1141 | D:2      | Reached XP level 3. HP: 29/29 MP: 6/6
  1155 | D:2      | Learned a level 2 spell: Shroud of Golubria
  1298 | D:2      | Noticed Jessica
  1317 | D:2      | Killed Jessica
  1317 | D:2      | Reached skill level 4 in Long Blades
  1317 | D:2      | Reached XP level 4. HP: 36/36 MP: 3/7
  1697 | D:2      | Found an opulent altar of Gozag.
  1763 | D:2      | Found a deep blue altar of Sif Muna.
  1763 | D:2      | Found a white marble altar of Elyvilon.
  1776 | D:2      | Reached skill level 5 in Long Blades
  1777 | D:2      | Found a sacrificial altar of Ru.
  1781 | D:2      | Found a blossoming altar of Fedhas.
  1781 | D:2      | Found an oddly glowing altar of Pakellas.
  1783 | D:2      | Found a stormy altar of Qazlal.
  1789 | D:2      | Became a worshipper of Pakellas the Inventive
  2193 | D:2      | Reached XP level 5. HP: 41/41 MP: 2/8
  2371 | D:2      | Noticed a moth of wrath
  2500 | D:2      | Found a bloodstained altar of Trog.
  2510 | D:2      | Reached * piety under Pakellas
  3925 | D:3      | HP: 1/41 [orc wizard/dagger (5)]
  3928 | D:3      | Reached skill level 6 in Long Blades
  4174 | D:3      | Found a sparkling altar of Nemelex Xobeh.
  4486 | D:3      | Reached XP level 6. HP: 11/48 MP: 2/9
  5020 | D:4      | Reached ** piety under Pakellas
  5020 | D:4      | Received a gift from Pakellas
  5175 | D:4      | Reached skill level 7 in Long Blades
  5917 | D:4      | Found a shattered altar of Ashenzari.
  5947 | D:5      | Entered Level 5 of the Dungeon
  6285 | D:5      | Your scales start taking on a golden yellow colour.
  6285 | D:5      | Reached XP level 7. HP: 28/56 MP: 1/10
  6524 | D:5      | Found a staircase to the Ecumenical Temple.
  6840 | D:5      | Found Zyucwaal's Gadget Shop.
  7233 | D:5      | Noticed Dowan
  7337 | D:5      | Noticed Duvessa
  7357 | D:5      | Killed Dowan
  7691 | D:5      | Reached skill level 8 in Long Blades
  7742 | D:5      | Reached XP level 8. HP: 58/67 MP: 11/11
  7805 | D:5      | Found a staircase to the Ecumenical Temple.
  7875 | D:5      | Found Zyucwaal's Gadget Shop.
  7952 | D:5      | Killed Duvessa
  7958 | D:5      | Bought a wand of paralysis (8) for 120 gold pieces
  8007 | D:5      | Reached skill level 1 in Evocations
  8183 | D:6      | Reached *** piety under Pakellas
  8211 | D:6      | Noticed Prince Ribbit
  8228 | D:6      | Killed Prince Ribbit
  8241 | D:6      | Reached skill level 5 in Evocations
  8246 | D:6      | Gained mutation: Your spells are a little easier to cast, but a little less powerful. [mutagenic meat]
  8247 | D:6      | Gained mutation: You are dopey. (Int -2) [mutagenic meat]
  8248 | D:6      | Gained mutation: You have large cloven feet. [mutagenic meat]
  8249 | D:6      | Gained mutation: Your magical capacity is low (-10% MP). [mutagenic meat]
  8250 | D:6      | Gained mutation: You are agile. (Dex +2) [mutagenic meat]
  8551 | D:6      | Noticed Sigmund
  8639 | D:6      | Gained mutation: You are frail (-10% HP). [mutagenic meat]
  8641 | D:6      | Gained mutation: You regenerate slowly when monsters are visible. [mutagenic meat]
  8642 | D:6      | Gained mutation: Scrolls take you a little longer to read. [mutagenic meat]
  9060 | D:6      | Killed Sigmund
  9060 | D:6      | Reached XP level 9. HP: 38/64 MP: 12/12
  9789 | D:6      | Reached skill level 5 in Fighting
 10092 | D:6      | Reached **** piety under Pakellas
 10092 | D:6      | Received a gift from Pakellas
 10108 | D:6      | Identified a +4 rod of ignition (11/11) {!a} (Pakellas gifted it to you on level 6 of the Dungeon)
 10619 | D:7      | Learned a level 2 spell: Cure Poison
 10785 | D:7      | Reached skill level 5 in Dodging
 11357 | D:7      | Reached skill level 9 in Long Blades
 11805 | D:8      | Noticed Psyche
 11813 | D:8      | Killed Psyche
 11931 | D:8      | Noticed Joseph
 12009 | D:7      | Reached XP level 10. HP: 68/75 MP: 9/14
 13142 | D:8      | Noticed Grum
 13414 | D:8      | Found a basalt altar of Yredelemnul.
 13466 | D:8      | Found a burning altar of Makhleb.
 13501 | D:8      | Noticed Erica
 14457 | D:8      | Killed Grum
 14865 | D:8      | Killed Joseph
 15036 | D:8      | Found a deep blue altar of Sif Muna.
 15118 | D:8      | Found a staircase to the Lair.
 15234 | D:8      | Found a burning altar of Makhleb.
 15351 | D:8      | Found a basalt altar of Yredelemnul.
 15433 | D:8      | Found a deep blue altar of Sif Muna.
 15624 | D:8      | Found a basalt altar of Yredelemnul.
 15684 | D:8      | Found a deep blue altar of Sif Muna.
 15753 | D:8      | Killed Erica
 15954 | D:8      | Found a burning altar of Makhleb.
 15981 | D:8      | Found a staircase to the Lair.
 16055 | D:8      | Upgraded the game from 0.18-a0-739-gdae9da8 to 0.18-a0-750-g37044d6
 16056 | Lair:1   | Entered Level 1 of the Lair of Beasts
 16407 | D:8      | Reached skill level 10 in Long Blades
 16924 | D:7      | Reached XP level 11. HP: 63/84 MP: 3/16
 17228 | Lair:1   | Noticed a seven-headed hydra
 18173 | Lair:1   | Reached skill level 11 in Long Blades
 19309 | Lair:2   | Reached skill level 12 in Long Blades
 19719 | Lair:3   | Got a heavily runed buckler
 19725 | Lair:3   | Identified the +0 buckler of Demons {*Confuse Int+4 Stlth+} (You found it on level 3 of the Lair of Beasts)
 19803 | Lair:3   | Reached skill level 1 in Shields
 20155 | Lair:3   | Noticed an eight-headed hydra
 20164 | Lair:3   | Killed a six-headed hydra
 20164 | Lair:3   | Reached skill level 5 in Shields
 20578 | Lair:3   | Noticed a death yak
 20621 | Lair:3   | Killed a death yak
 20874 | Lair:3   | Got a crude quarterstaff
 21418 | Lair:4   | Reached XP level 12. HP: 70/92 MP: 16/16
 21940 | Lair:4   | Reached skill level 13 in Long Blades
 23471 | Lair:5   | Learned a level 2 spell: Repel Missiles
 23560 | Lair:5   | Noticed an eight-headed hydra
 23884 | Lair:5   | Killed an eight-headed hydra
 24052 | Lair:6   | Reached skill level 14 in Long Blades
 24509 | Lair:5   | Noticed a catoblepas
 24544 | Lair:5   | Killed a catoblepas
 24544 | Lair:5   | Reached skill level 10 in Fighting
 25111 | Lair:6   | Found a hole to the Spider Nest.
 25174 | Lair:6   | Found a staircase to the Swamp.
 25192 | Lair:6   | Slain by a giant leech

Vault maps used:
D:1:      dpeg_arrival_stonehenge_8_columns, minmay_quantized
D:2:      tgw_trog, grunt_gozag_statues, minitemple, uniq_jessica
D:3:      kennysheep_decorative_pillar, serial_park_tiny_pond, nemelex_deck
D:4:      kennysheep_mini_moat, minivault_27
D:5:      minmay_temple_entry_from_below_b, first_bread, serial_shops, shop,
          kennysheep_nub, uniq_duvessa
D:6:      serial_undead, serial_undead_b, serial_undead_b, serial_undead_f,
          serial_undead_a, uniq_prince_ribbit1, uniq_sigmund
D:7:      grunt_livestock
D:8:      yredelemnul_forgotten_temple_becter, old_standard_altar,
          david_lair_shrubbed, lemuel_blue_sif_altar, uniq_erica, uniq_grum,
          uniq_joseph, uniq_psyche
Lair:1:   serial_forest, infiniplex_forest_lined_room_2,
          infiniplex_forest_straight_2, infiniplex_forest_straight_5,
          infiniplex_forest_clump_small, infiniplex_forest_lined_corner,
          infiniplex_forest_clump_medium, lemuel_fruit_fields
Lair:2:   serial_bayou_shore_a
Lair:3:   grunt_forest_large_clearing_hut, infiniplex_staircase_pool_2
Lair:4:   grunt_megastairs_2
Lair:5:   grunt_forest_small_clearings
Lair:6:   minmay_swamp_entry_worms, dummy_spider_entry, minmay_hedge_maze,
          lemuel_fruit_fields, grunt_megastairs_3, lemuel_fruit_tree,
          bh_autumn_forest_stairs

Action                   |  1- 3 |  4- 6 |  7- 9 | 10-12 || total
-------------------------+-------+-------+-------+-------++-------
Melee: Falchion          |    87 |   391 |   372 |       ||   850
       Long sword        |       |       |    77 |   185 ||   262
       Scimitar          |       |       |       |   468 ||   468
 Fire: Blowgun           |       |       |       |     8 ||     8
Throw: Tomahawk          |     2 |     8 |       |       ||    10
 Cast: Shroud of Golubri |     4 |    22 |       |     1 ||    27
       Blink             |       |     2 |       |     8 ||    10
       Repel Missiles    |       |       |       |     1 ||     1
Invok: Device Surge      |       |       |     1 |     1 ||     2
       Quick Charge      |       |       |     2 |     9 ||    11
 Abil: Spit Acid         |       |       |    24 |    25 ||    49
Evoke: Wand              |       |       |    32 |    71 ||   103
       Deck              |       |       |     1 |       ||     1
       Rod               |       |       |       |    44 ||    44
  Use: Scroll            |     2 |     7 |     7 |     8 ||    24
       Potion            |       |     6 |     1 |     6 ||    13
 Stab: Sleeping          |     1 |       |     2 |     5 ||     8
       Paralysed         |       |       |    32 |    21 ||    53
       Invisible         |       |       |       |     2 ||     2
       Distracted        |       |       |       |     1 ||     1
  Eat: Chunk             |     2 |    16 |    31 |    36 ||    85
       Pizza             |       |     1 |       |    10 ||    11
       Beef jerky        |       |       |     2 |     2 ||     4
       Meat ration       |       |       |       |     3 ||     3
